Map: Eternal Empire LE

Players

Scarlett

  • Race: Zerg Zerg
  • Spawn Location: 1:00

tyty (TY) - Winner!

  • Race: Terran Terran
  • Spawn Location: 7:00

VOD

Have the link to the VOD?

Description

Time

  • Played on: Jan. 7, 2020, 8 p.m.
  • Length: 16:52
Show
View Real Time Build Order
Export as new Build Order

Scarlett Zerg 

Build Orders: Hatch First 

Get SALT Encoding   

  12  0:00  Drone  
  13  0:12  Overlord  
  13  0:19  Drone  
  14  0:31  Drone x2  
  16  0:48  Hatchery  
  15  0:51  Drone  
  15  0:55  Drone  
  17  0:58  Drone  
  18  1:08  Extractor  
  17  1:13  Spawning Pool  
  17  1:16  Drone  
  17  1:20  Drone  
  18  1:28  Drone  
  19  1:39  Drone  
  20  1:49  Drone  
  21  2:00  Queen x2  
  21  2:01  Zergling x4  
  27  2:10  Metabolic Boost  
  27  2:11  Overlord  
  27  2:13  Drone  
  27  2:30  Drone x2  
  27  2:32  Drone  
  27  2:33  Drone  
  33  2:45  Drone x2  
  33  2:53  Overlord  
  33  3:03  Overlord  
  33  3:04  Queen  
  35  3:09  Drone  
  35  3:12  Drone x7  
  43  3:19  Zergling x2  
  44  3:22  Zergling x2  
  45  3:27  Hatchery  
  43  3:35  Drone  
  43  3:39  Queen  
  43  3:40  Extractor  
  43  3:41  Extractor  
  44  3:42  Drone x2, Roach Warren  
  44  3:45  Zergling x4  
  46  3:56  Drone x4  
  50  4:03  Overlord  
  50  4:07  Overlord  
  50  4:15  Overlord x2  
  50  4:16  Drone x2  
  52  4:23  Roach x4  
  60  4:29  Roach  
  62  4:36  Roach  
  64  4:40  Roach x2  
  68  4:46  Roach  
  68  4:47  Roach  
  68  4:49  Zergling x10  
  77  4:56  Ravager x2  
  77  4:57  Zergling x2, Ravager x2  
  77  4:58  Zergling x2  
  83  5:06  Zergling x4  
  82  5:10  Zergling x8, Overlord  
  82  5:14  Zergling x2, Ravager  
  86  5:17  Queen  
  86  5:19  Overlord  
  86  5:21  Overlord  
  89  5:25  Overlord  
  89  5:27  Zergling x2  
  89  5:40  Drone x6, Overlord  
  89  5:45  Drone x2  
  89  5:46  Drone  
  91  5:54  Evolution Chamber  
  86  5:57  Drone  
  86  5:58  Drone x5  
  86  6:01  Drone  
  93  6:07  Evolution Chamber  
  93  6:08  Drone x4  
  93  6:11  Drone  
  97  6:15  Lair  
  97  6:16  Drone  
  97  6:17  Drone  
  100  6:18  Drone  
  100  6:20  Drone  
  100  6:22  Drone x2  
  103  6:26  Drone x2  
  103  6:28  Zerg Ground Armor Level 1  
  103  6:31  Extractor x2  
  98  6:40  Roach x5  
  105  6:50  Extractor  
  105  6:51  Zergling x12  
  107  6:58  Drone x3  
  107  6:59  Spore Crawler  
  109  7:01  Drone x3  
  109  7:02  Spore Crawler  
  109  7:03  Drone  
  109  7:07  Drone x3  
  115  7:11  Zerg Melee Weapons Level 1  
  115  7:14  Drone x2  
  117  7:16  Baneling Nest  
  116  7:24  Zergling x10, Overlord  
  116  7:27  Overlord  
  121  7:32  Overlord  
  121  7:42  Queen  
  121  7:44  Infestation Pit  
  119  7:50  Zergling x2  
  119  7:51  Zergling x22  
  130  7:57  Ravager x7  
  137  7:58  Centrifical Hooks  
  137  8:00  Zergling x6  
  137  8:04  Drone  
  137  8:05  Drone x2  
  143  8:13  Hatchery  
  142  8:20  Zergling x2, Hive  
  142  8:21  Zergling x6  
  142  8:24  Zerg Ground Armor Level 2  
  142  8:26  Overlord x4  
  146  8:29  Baneling x7  
  146  8:30  Baneling  
  145  8:48  Spine Crawler  
  144  8:54  Drone x11  
  154  8:55  Zergling x2  
  154  8:56  Zergling x2  
  155  9:06  Queen  
  155  9:09  Queen  
  159  9:12  Hatchery  
  159  9:13  Zergling x14  
  164  9:19  Zergling x2  
  164  9:20  Zergling x6  
  156  9:30  Drone x3  
  158  9:33  Spine Crawler  
  158  9:35  Extractor x2  
  154  9:41  Viper x3  
  154  9:43  Adrenal Glands, Zerg Melee Weapons Level 2  
  163  9:51  Zergling x18  
  172  9:57  Spore Crawler  
  170  10:05  Zergling x22  
  181  10:09  Baneling x9  
  181  10:10  Baneling  
  181  10:12  Zergling x4  
  181  10:13  Zergling x2  
  177  10:28  Hatchery  
  165  10:38  Ultralisk Cavern, Drone  
  165  10:42  Unknown  
  165  10:43  Drone x3  
  168  10:55  Hatchery  
  168  10:56  Zerg Ground Armor Level 3  
  161  11:03  Zergling x34  
  158  11:12  Overseer  
  154  11:22  Zergling x12  
  154  11:24  Queen  
  160  11:25  Queen  
  160  11:27  Chitinous Plating  
  161  11:33  Zergling x16  
  166  11:50  Zergling x16  
  166  11:51  Spore Crawler, Spine Crawler  
  166  11:54  Spire  
  171  11:57  Drone x2  
  171  11:59  Spore Crawler  
  172  12:03  Baneling x12  
  172  12:06  Spore Crawler  
  172  12:08  Spore Crawler, Spine Crawler  
  170  12:09  Drone  
  170  12:13  Drone  
  170  12:14  Drone x2  
  170  12:15  Overlord  
  173  12:16  Ultralisk x3  
  173  12:19  Drone x2  
  173  12:20  Drone x2  
  177  12:32  Drone x3  
  177  12:33  Drone  
  177  12:35  Ultralisk x2  
  193  12:46  Anabolic Synthesis  
  188  12:54  Drone x4  
  188  12:57  Drone x5  
  196  13:16  Corruptor x2, Greater Spire  
  196  13:18  Overlord  
  196  13:19  Baneling  
  198  13:20  Baneling x32  
  196  13:39  Zergling x8  
  196  13:40  Zergling x14  
  185  13:55  Drone x3  
  187  13:56  Spine Crawler  
  187  13:57  Spine Crawler  
  187  13:58  Spore Crawler  
  187  13:59  Zergling x32  
  199  14:05  Spine Crawler  
  199  14:08  Zerg Melee Weapons Level 3  
  199  14:09  Zerg Missile Weapons Level 1  
  196  14:17  Overseer x4, Pneumatized Carapace  
  196  14:19  Overseer  
  196  14:20  Overseer  
  196  14:22  Pathogen Glands  
  196  14:23  Burrow  
  196  14:30  Zergling x8  
  193  14:41  Zergling x24  
  193  14:43  Hatchery  
  196  14:49  Zergling x10  
  160  15:01  Zergling x12  
  160  15:02  Baneling x6  
  123  15:22  Zergling x2  
  123  15:23  Zergling x14  
  123  15:25  Drone x5  
  104  15:35  Hatchery  
  104  15:39  Infestor x3  
  95  16:02  Zergling x32  
  111  16:07  Baneling x8  
  111  16:12  Zergling x8  
  111  16:17  Zergling x8  
  125  16:26  Baneling x3  
  125  16:27  Baneling  
Show
View Real Time Build Order
Export as new Build Order

tyty Terran - Winner!

Build Orders: Reaper Expand 

Get SALT Encoding   

  12  0:00  SCV  
  13  0:13  SCV  
  14  0:17  Supply Depot  
  14  0:25  SCV  
  15  0:38  SCV  
  15  0:41  Barracks  
  16  0:43  Refinery  
  16  0:51  SCV  
  17  1:03  SCV  
  18  1:15  SCV  
  19  1:28  Reaper  
  19  1:29  Orbital Command  
  20  1:41  Command Center  
  20  1:54  Supply Depot  
  20  1:55  SCV  
  20  1:59  Marine  
  22  2:07  Factory  
  22  2:10  SCV  
  23  2:22  SCV, Barracks Reactor  
  24  2:32  Barracks  
  24  2:33  Bunker  
  24  2:34  SCV  
  24  2:46  SCV  
  24  2:50  Refinery  
  25  2:58  SCV, Orbital Command  
  25  3:03  Hellion  
  25  3:04  Hellion  
  29  3:07  Marine  
  29  3:10  SCV  
  31  3:19  Barracks Tech Lab  
  31  3:24  SCV  
  32  3:31  SCV  
  33  3:36  SCV, Marine x2  
  33  3:38  Marine, Stimpack  
  37  3:41  Starport  
  37  3:43  SCV  
  38  3:51  Factory Reactor  
  38  3:54  Marine x2  
  38  3:55  SCV  
  40  3:56  SCV  
  40  3:57  Marine  
  42  4:07  SCV, Supply Depot  
  42  4:08  SCV, Supply Depot  
  44  4:14  Marine x2  
  45  4:18  Marine  
  46  4:26  Supply Depot  
  46  4:29  SCV x2  
  48  4:32  Marine, Medivac x2  
  48  4:34  Marine  
  48  4:36  Marine  
  55  4:41  SCV x2  
  55  4:43  Supply Depot  
  57  4:50  Marine  
  57  4:52  Marine  
  59  4:53  SCV x2  
  61  5:00  Marine  
  61  5:05  SCV  
  63  5:07  Factory Tech Lab  
  63  5:08  Marine, SCV  
  63  5:12  Marine  
  64  5:17  SCV  
  64  5:18  Marine, Combat Shield  
  64  5:19  Refinery  
  64  5:20  Bunker  
  68  5:21  SCV  
  68  5:27  Marine  
  66  5:29  SCV, Viking  
  66  5:30  Marine  
  66  5:32  Medivac  
  71  5:35  Marine  
  71  5:37  SCV  
  71  5:41  SCV  
  72  5:44  Marine  
  72  5:49  SCV, Siege Tank  
  77  5:50  Marine  
  77  5:53  Marine  
  73  5:57  SCV  
  73  6:01  SCV, Supply Depot  
  74  6:06  Marine  
  74  6:08  Marine  
  74  6:10  SCV  
  77  6:18  Supply Depot  
  77  6:24  Marine, Siege Tank  
  82  6:26  Command Center  
  82  6:27  SCV  
  82  6:30  SCV, Marine  
  84  6:39  SCV  
  85  6:42  SCV, Marine x2  
  85  6:43  Engineering Bay  
  85  6:45  Engineering Bay  
  85  6:48  Medivac x2  
  85  6:49  Marine  
  85  6:53  SCV  
  85  6:54  SCV  
  85  6:59  Siege Tank  
  85  7:00  Marine x2  
  90  7:04  Refinery  
  90  7:07  Marine, SCV  
  92  7:13  Terran Infantry Weapons Level 1  
  92  7:15  Supply Depot, Terran Infantry Armor Level 1  
  92  7:17  Supply Depot  
  92  7:18  Marine  
  94  7:25  Marine  
  94  7:32  Barracks  
  94  7:34  Starport Reactor  
  94  7:36  Marine  
  94  7:37  SCV x2, Marine, Siege Tank  
  100  7:43  Marine  
  101  7:49  SCV  
  101  7:50  SCV  
  101  7:53  Orbital Command  
  101  7:54  Marine  
  101  7:55  Marine  
  103  8:03  Armory  
  103  8:05  Marine  
  105  8:09  Siege Tank  
  105  8:11  SCV x2  
  105  8:12  Marine  
  110  8:13  Marine  
  110  8:15  Barracks  
  110  8:16  Barracks  
  110  8:17  Orbital Command  
  112  8:22  Missile Turret  
  112  8:23  SCV x2  
  112  8:26  Marine x3  
  116  8:30  Marine  
  116  8:31  Marine  
  118  8:35  SCV x2  
  120  8:44  Marine x3  
  125  8:50  Marine  
  125  8:53  Supply Depot x3  
  122  8:58  Marine  
  122  9:00  Medivac  
  122  9:01  Drilling Claws  
  125  9:02  Barracks Reactor  
  125  9:03  Barracks Reactor  
  125  9:07  Factory  
  125  9:10  Terran Infantry Weapons Level 2  
  125  9:14  Marine x3, SCV, Widow Mine  
  131  9:21  Medivac  
  131  9:22  Marine x2  
  131  9:29  SCV x2  
  131  9:30  Medivac  
  133  9:34  Marine x3  
  133  9:39  Widow Mine  
  133  9:40  Marine x2  
  133  9:41  Marine x4  
  133  9:44  Refinery  
  141  9:47  Sensor Tower  
  141  9:51  Marine, Medivac  
  141  9:52  Marine x2  
  145  9:57  Factory Reactor  
  145  9:58  Marine x4  
  149  10:01  Marine  
  149  10:03  Supply Depot x2  
  149  10:04  Supply Depot  
  149  10:13  Supply Depot x2, Command Center  
  149  10:19  Medivac  
  147  10:26  Widow Mine  
  134  10:31  Marine x2  
  134  10:33  Command Center  
  133  10:36  Widow Mine x2  
  135  10:43  Barracks  
  135  10:44  Marine x2, Barracks  
  135  10:46  Barracks  
  135  10:49  Marine  
  137  10:50  Marine x2  
  137  10:55  Widow Mine  
  137  10:57  Marine, Widow Mine  
  137  10:58  Terran Infantry Armor Level 2  
  134  11:08  Widow Mine  
  134  11:09  Marine  
  134  11:10  Marine x5  
  134  11:11  Marine  
  139  11:16  SCV x3  
  139  11:17  Widow Mine  
  138  11:30  Marine, Widow Mine x2  
  138  11:31  Marine x6  
  138  11:32  Barracks Tech Lab  
  145  11:47  Planetary Fortress  
  145  11:49  Barracks Tech Lab x2  
  145  11:50  Terran Infantry Weapons Level 3  
  145  11:56  Marine x2, Marauder  
  145  11:57  Marine  
  145  11:58  Marine x4  
  154  12:02  Marauder  
  154  12:04  Widow Mine x2  
  154  12:07  Marine x2  
  162  12:11  Marine  
  162  12:12  Sensor Tower  
  162  12:14  Marine x2  
  165  12:17  Marine x3  
  165  12:20  Widow Mine  
  166  12:23  Medivac  
  166  12:24  Marine x2, Medivac  
  166  12:26  Widow Mine  
  174  12:33  Marine x4, Marauder  
  174  12:34  Marauder  
  178  12:42  Marine x6  
  178  12:43  Planetary Fortress  
  177  12:47  Barracks x2  
  177  12:51  Marine x3  
  162  12:52  Widow Mine x2, Marauder  
  162  12:54  Marine, Medivac x2  
  162  12:55  Marauder  
  162  12:56  Widow Mine  
  162  12:58  Concussive Shells  
  178  13:00  Marine x2, SCV x2  
  178  13:01  Marauder  
  184  13:08  SCV x2  
  184  13:09  Marine x4  
  184  13:12  SCV  
  191  13:13  Marauder  
  191  13:16  Marine x2, Marauder x2  
  191  13:18  Widow Mine x2  
  200  13:23  Ghost Academy  
  195  13:36  Marine  
  195  13:37  Marauder x2, Barracks Tech Lab  
  195  13:40  Barracks Tech Lab  
  163  13:50  Marine x7, Marauder x2  
  163  13:52  Medivac x2, Widow Mine x2  
  163  13:54  Marine  
  175  14:08  Marine x4  
  178  14:12  Marine  
  178  14:13  Widow Mine, Ghost x3  
  178  14:14  Ghost x3  
  183  14:19  Marine x3  
  186  14:26  Marine  
  186  14:29  Marine x3  
  179  14:42  Widow Mine x2, Ghost x3  
  179  14:44  Medivac  
  179  14:45  Medivac  
  185  14:52  Marine x2, Marauder  
  181  14:53  Marauder  
  181  14:55  Marine x4  
  169  15:00  Marine x2  
  171  15:13  Marine x2  
  171  15:14  Marauder x2  
  148  15:17  Widow Mine x2  
  148  15:21  Marine x5, Marauder x2  
  134  15:24  Marine x3  
  134  15:27  Medivac x2  
  132  15:31  Marine  
  132  15:32  Marine  
  132  15:34  SCV  
  132  15:35  Marine x2, SCV  
  131  15:37  SCV  
  131  15:39  Marine x2  
  131  15:41  Marine x3  
  131  15:42  Marine  
  137  15:43  Widow Mine  
  137  15:44  Command Center  
  137  15:49  Marine x4  
  139  15:50  Marine  
  139  15:56  Marine x2  
  139  15:57  Marine x2  
  129  15:58  Widow Mine  
  129  16:03  Marine x4  
  135  16:14  Marine  
  136  16:19  Marine, Marauder  
  136  16:21  Marine x2  
  136  16:23  Marine x2  
  143  16:27  Marine  
  143  16:30  Marine  
  143  16:31  Marine x2  
Tags
 
Add a new tag
Caveats
  • Supply blocks, unpowered buildings, or Contaminate may cause inaccurate times.
  • Supply counts are checked every 10 seconds.